 Dungeon Crawl Stone Soup version 0.30-a0-737-gf23d94013f (webtiles) character file.

Game seed: 296727070337165793

4 xian the Caller (level 1, 0/13 HPs)
             Began as a Demonspawn Summoner on Feb 2, 2023.
             Slain by a jackal (2 damage)
             ... on level 1 of the Dungeon.
             The game lasted 00:01:15 (204 turns).

xian the Caller (Demonspawn Summoner)                Turns: 204, Time: 00:01:16

Health: 0/13       AC:  3    Str:  8    XL:     1   Next: 50%
Magic:  1/3        EV: 11    Int: 16    God:
Gold:   8          SH:  0    Dex: 13    Spells: 3/4 levels left

rFire   . . .      SeeInvis .    (no weapon)
rCold   . . .      Faith    .    (no shield)
rNeg    . . .      Spirit   .    c - +0 leather armour
rPois   .          Reflect  .    (no helmet)
rElec   .          Harm     .    (no cloak)
rCorr   .          Rampage  .    (no gloves)
Will    .....                    (no boots)
Stlth   ++                       (no amulet)
HPRegen 0.22/turn                (no ring)
MPRegen 0.08/turn                (no ring)

@: no status effects
A: no striking features
a: no special abilities


You were on level 1 of the Dungeon.
You visited 1 branch of the dungeon, and saw 1 of its levels.

You collected 8 gold pieces.

Inventory:

Armour
 c - a +0 leather armour (worn)
Potions
 a - 2 potions of flight {unknown}
 b - a potion of magic


   Skills:
 + Level 1.7 Dodging
 + Level 1.7 Stealth
 + Level 2.1 Spellcasting
 + Level 4.1 Summonings


You had 3 spell levels left.
You knew the following spells:

 Your Spells              Type           Power      Damage    Failure   Level
a - Summon Small Mammal   Summ           56%        N/A       5%          1

Your spell library contained the following spells:

 Spells                   Type           Power      Damage    Failure   Level
 Call Imp                 Summ           14%        N/A       9%          2
 Call Canine Familiar     Summ           14%        N/A       16%         3
 Summon Guardian Golem    Hex/Summ       8%         N/A       36%         3
 Summon Lightning Spire   Summ/Air       8%         N/A       77%         4


Dungeon Overview and Level Annotations

Branches:
Dungeon (1/15)

Altars:


Message History

You closely miss the jackal. The jackal closely misses you.
The jackal bites you but does no damage.
The jackal bites you. The jackal barely misses you. The jackal misses you.
The jackal bites you but does no damage.
Your rat misses the jackal. You hit the jackal but do no damage.
The jackal barely misses you. x3
A goblin comes into view. It is wielding a +0 club.
Your rat bites the jackal but does no damage.
The jackal misses you. The jackal closely misses you.
The jackal bites you but does no damage.
The jackal bites you. The jackal misses you.
The jackal bites you but does no damage.
Your rat closely misses the jackal.
You swap places.
The jackal bites you but does no damage.
The jackal barely misses your rat. The jackal bites your rat.
Your rat dies!
Your rat's corpse disappears in a puff of smoke!
Your rat completely misses the jackal.
The jackal bites you.
You closely miss the jackal. The jackal misses you.
The jackal closely misses you. The jackal barely misses you.
The jackal bites you. The jackal barely misses you.
The jackal bites you but does no damage. x2
The jackal bites you. x2; Your rat bites the jackal.
Your rat barely misses the jackal.
The jackal attacks as you move away!
The jackal bites you but does no damage.
Your rat barely misses the jackal.
You hit the jackal.
The jackal is moderately wounded.
The jackal closely misses you. The jackal bites you.
* * * LOW HITPOINT WARNING * * *
The jackal bites you but does no damage.
The jackal closely misses you. The jackal barely misses you.
The jackal closely misses you. The goblin barely misses your rat.
Your rat bites the jackal but does no damage.
Your rat bites the jackal.
The jackal attacks as you move away! The jackal bites you.
You die...

....##.## ######.. .##..#.#
#...##.♣ .##...## #...##.♣
....### #......♣ # ....#
#...##.♣ .#
....##########+#...##.♣ ..##
##............†....##.♣♣♣♣.....
########........h..........###
#.......@hrg...........
#.......#h.......######
#########.r......# #...######
#.### #.# #.# #.# #.#


You could see 3 jackals, a goblin and 2 friendly rats.

Vanquished Creatures (collateral kills)
  2 hobgoblins (D:1)
  A quokka (D:1)
3 creatures vanquished.

Notes
Turn   | Place    | Note
-------+----------+-------------------------------------------
     0 | D:1      | xian the Demonspawn Summoner began the quest for the Orb.
     0 | D:1      | Reached XP level 1. HP: 13/13 MP: 3/3
   204 | D:1      | Slain by a jackal

Illustrated notes

Levels and vault maps discovered:
D:1:      amcnicky_arrival_gap_in_the_tavern_cellar, layout_basic,
          hellmonk_ecumenical_altar_inner_sanctum,
          chequers_serial_rivers_micro_e, nrook_campfire

Action                     || total
---------------------------++-------
  Melee: Unarmed           ||    24
   Cast: Summon Small Mamm ||    12
   Stab: Distracted        ||     1
 Armour: Leather armour    ||     9
         Robe              ||     1
  Dodge: Dodged            ||    37

Table legend: (Time is in decaauts)
 A = Elapsed time spent in this place.
 B = Non-inter-level travel time spent in this place.
 C = Inter-level travel time spent in this place.
 D = Time resting spent in this place.
 E = Time spent auto-exploring this place.
 F = Levels seen in this place.
 G = Mean time per level.
                   A        B        C        D        E       F      G
               +--------+--------+--------+--------+--------+-----+--------+
         Total |    204 |    204 |      0 |      0 |    105 |   1 |  204.0 |
       Dungeon |    204 |    204 |      0 |      0 |    105 |   1 |  204.0 |
               +--------+--------+--------+--------+--------+-----+--------+

Top non-repeatable levels by time:
     D:1: 204 daAuts
